 Dungeon Crawl Stone Soup version 0.21.1-1-g345015fe64 (webtiles) character file.

768 Delanovic the Conjurer (level 7, -1/31 HPs)
             Began as a Felid Conjurer on Apr 23, 2018.
             Slain by Beodren's ghost (17 damage)
             ... on level 5 of the Dungeon.
             The game lasted 00:36:07 (9695 turns).

Delanovic the Conjurer (Felid Conjurer)             Turns: 9695, Time: 00:36:07

Health: -1/31      AC:  2    Str:  4    XL:     7   Next: 52%
Magic:  4/16       EV: 18    Int: 18    God:
Gold:   226        SH:  5    Dex: 19    Spells: 3/17 levels left
                                        Lives:  0   Deaths: 2

rFire    . . .     SeeInvis +   (weapon unavailable)
rCold    . . .     Gourm    .   (shield unavailable)
rNeg     . . .     Faith    .   (armour unavailable)
rPois    .         Spirit   .   (helmet unavailable)
rElec    .         Reflect  +   (cloak unavailable)
rCorr    .         Harm     .   (gloves unavailable)
MR       ++...                  (boots unavailable)
Stlth    +++.......             s - +5 amulet of reflection
HPRegen  0.10/turn              d - ring of protection from magic
MPRegen  0.15/turn              v - +2 ring of dexterity

@: quick
A: very small, no armour, no weapons or thrown items, stealth, claws 1, fangs 3,
see invisible, carnivore, speed 1, shaggy fur 2, slow metabolism 1, sharp paws
a: no special abilities


You were on level 5 of the Dungeon.
You were not hungry.

You visited 1 branch of the dungeon, and saw 5 of its levels.
You also visited: Sewer.

You collected 226 gold pieces.

Inventory:

Jewellery
 d - a ring of protection from magic (left paw)
 f - an uncursed ring of fire
 i - an uncursed ring of stealth
 s - a +5 amulet of reflection (around neck)
 v - a +2 ring of dexterity (right paw)
 w - an uncursed amulet of harm {unknown}
Wands
 j - a wand of enslavement (7)
 u - a wand of iceblast (11)
Scrolls
 c - 2 scrolls of enchant weapon
 g - a scroll of remove curse
 o - 2 scrolls of teleportation
 r - 3 scrolls of immolation
 t - 5 scrolls of identify
 z - a scroll of fog {unknown}
 A - 2 scrolls of random uselessness
Potions
 e - a potion of agility {unknown}
 h - a potion of flight
 k - a potion of heal wounds {unknown}
 l - a potion of curing {unknown}
 m - 3 potions of brilliance {unknown}
 n - 2 potions of magic {unknown}
 p - 2 potions of berserk rage {unknown}
 q - 3 potions of degeneration {unknown}
 x - a potion of might {unknown}
Books
 a - a book of Conjurations

   Spells                             Type                      Level
   a - Magic Dart                     Conjuration                  1
   b - Searing Ray                    Conjuration                  2
   c - Dazzling Spray                 Conjuration/Hexes            3
   d - Fulminant Prism                Conjuration/Hexes            4
   e - Force Lance                    Conjuration/Translocation    4
   f - Iskenderun's Mystic Blast      Conjuration                  4
Comestibles
 b - 5 rations


   Skills:
 + Level 3.9 Fighting
 - Level 2.7 Dodging
 - Level 2.7 Stealth
 + Level 5.7 Spellcasting
 + Level 6.6 Conjurations
 + Level 4.6 Hexes
 + Level 5.0 Translocations


You had 3 spell levels left.
You knew the following spells:

 Your Spells              Type           Power        Failure   Level  Hunger
a - Magic Dart            Conj           ####         1%          1    None
b - Searing Ray           Conj           ####..       1%          2    None
c - Dazzling Spray        Conj/Hex       ####..       3%          3    ##.....
d - Iskenderun's Mystic   Conj           ####....     9%          4    ####...
e - Force Lance           Conj/Tloc      ####....     11%         4    ####...


Dungeon Overview and Level Annotations

Branches:
Dungeon (5/15)
 Temple: D:4-7

Altars:
Dithmenos
Wu Jian

Annotations:
D:5 Beodren's ghost, novice MiFi; Dowan; Duvessa


Innate Abilities, Weirdness & Mutations

You cannot wear armour.
You are incapable of wielding weapons or throwing items.
Your paws allow you to move quietly. (Stealth)
You have sharp claws.
You have razor-sharp teeth.
You have supernaturally acute eyesight. (SInv)
You are carnivorous and can eat meat at any time.
You cover ground quickly.
You are covered in thick fur. (AC +2)
You have a slow metabolism.
Your sharp claws are effective at attacking unaware monsters.


Message History

Aim: Beodren's ghost, wielding a weapon of protection (lightly damaged)
The spray of energy hits Beodren's ghost.
Beodren's ghost is lightly damaged.
Casting: Dazzling Spray
Confirm with . or Enter, or press ? or * to list all spells.
Aiming: Magic Dart
Press: ? - help, Shift-Dir - straight line, f/p - Beodren's ghost
Aim: Beodren's ghost, wielding a weapon of protection (lightly damaged)
The magic dart hits Beodren's ghost.
Beodren's ghost is lightly damaged.
There is an open door here.
Beodren's ghost whispers, "The ORB doesn't exist."
Beodren's ghost lets out a mournful wail.
There is an open door here.
There is an open door here.
w - a twisted lapis lazuli amulet Beodren's ghost hits you!
Beodren's ghost hits you!
Ouch! That really hurt!
You die...

####.......#
#.<#.......#####
...######'#....#
...#......#....#
...#......#....#####
#..##.....#........#
#..##.....#........#
#..##.....#####....#
...........#..#W@..#
...........#..'....#
#+###.....##..#....#
....#.....##..###+##
....#.....##..##..#
....#......#.W#...#
....########..'...#
...........#####W.#
####.......#..##..#


You could see Beodren's ghost.

Vanquished Creatures
  A sky beast (D:2)
  5 ogres
  A centaur (D:5)
  A bullfrog (D:3)
  A big kobold (Sewer)
  A centaur zombie (D:5)
  2 crimson imps
  3 orc priests
  2 centaur skeletons
  3 orc wizards (D:4)
  Ijyb (D:5)
  3 worker ants (D:4)
  A hound skeleton (D:4)
  A worker ant zombie (D:3)
  12 adders
  3 gnolls
  A river rat (Sewer)
  4 oozes
  4 worms (Sewer)
  2 dart slugs
  6 leopard geckos
  14 orcs
  7 ball pythons
  10 bats
  6 giant cockroaches
  13 goblins
  6 hobgoblins
  17 jackals
  13 kobolds
  4 quokkas
  5 frilled lizards
  A quokka skeleton (D:4)
  7 rats
161 creatures vanquished.

Vanquished Creatures (others)
  An adder (D:5)
1 creature vanquished.

Grand Total: 162 creatures vanquished

Notes
Turn   | Place    | Note
-------+----------+-------------------------------------------
     0 | D:1      | Delanovic the Felid Conjurer began the quest for the Orb.
     0 | D:1      | Reached XP level 1. HP: 7/7 MP: 4/4
    56 | D:1      | Reached XP level 2. HP: 9/11 MP: 1/6
   117 | D:1      | Learned a level 2 spell: Searing Ray
   204 | D:1      | Reached skill level 4 in Conjurations
   586 | D:1      | Reached XP level 3. HP: 14/14 MP: 2/7
  1365 | D:2      | Noticed a sky beast
  1762 | D:2      | Reached XP level 4. HP: 17/18 MP: 1/9
  1930 | D:2      | Found a shadowy altar of Dithmenos.
  2186 | D:2      | Killed a sky beast
  2186 | D:2      | Reached XP level 5. HP: 7/21 MP: 0/11
  2383 | D:2      | Found an ornate altar of the Wu Jian Council.
  2396 | D:2      | Reached skill level 5 in Conjurations
  2876 | D:2      | Learned a level 3 spell: Dazzling Spray
  3382 | D:3      | Learned a level 4 spell: Iskenderun's Mystic Blast
  3389 | D:3      | Gained mutation: You are covered in thick fur. (AC +2) [Felid growth]
  3389 | D:3      | Reached XP level 6. HP: 24/24 MP: 10/13
  4150 | D:3      | Reached skill level 1 in Fighting
  4382 | D:3      | Learned a level 4 spell: Force Lance
  5281 | D:3      | Reached skill level 1 in Translocations
  5562 | D:4      | Reached XP level 7. HP: 30/30 MP: 6/15
  6053 | D:4      | Reached skill level 1 in Hexes
  6468 | D:4      | Reached skill level 5 in Spellcasting
  6468 | D:4      | Reached skill level 6 in Conjurations
  6884 | D:4      | HP: 1/30 [orc priest/divine providence (12)]
  7605 | D:5      | Entered Level 5 of the Dungeon
  7818 | D:5      | Noticed Duvessa
  7819 | D:5      | Noticed Dowan
  7823 | D:5      | Noticed Beodren's ghost (novice MiFi)
  7910 | D:5      | Found a glowing drain.
  7932 | D:5      | Reached XP level 8. HP: 27/34 MP: 5/16
  7965 | D:5      | Slain by an adder
  7966 | D:5      | Reached XP level 7. HP: -1/31 MP: 5/15
  7979 | D:5      | Noticed Ijyb
  8018 | D:5      | HP: 1/31 [centaur/arrow (7)]
  8029 | D:5      | Shot with an arrow by a centaur
  8030 | D:5      | Reached XP level 6. HP: -1/28 MP: 13/14
  8210 | D:5      | Killed Ijyb
  8268 | Sewer    | Entered a sewer
  8976 | Sewer    | Reached XP level 7. HP: 26/31 MP: 0/16
  9511 | D:5      | Reached skill level 5 in Translocations
  9695 | D:5      | Slain by Beodren's ghost

Skill      XL: |  1  2  3  4  5  6  7 |
---------------+----------------------+-----
Conjurations   | 4 5 6 |  6.6
Spellcasting   | 3 4 5 |  5.7
Fighting       | 2 3 |  3.9
Translocations | 4 5 |  5.0
Hexes          | 4 3 |  4.6
Dodging        | |  2.7
Stealth        | |  2.7

Action                   |  1- 3 |  4- 6 |  7- 9 || total
-------------------------+-------+-------+-------++-------
Melee: Unarmed           |    22 |    27 |    16 ||    65
       Bite              |     3 |     1 |     2 ||     6
 Cast: Magic Dart        |    66 |   206 |   114 ||   386
       Searing Ray       |     5 |    11 |     3 ||    19
       Dazzling Spray    |       |    16 |    36 ||    52
       Iskenderun's Myst |       |     8 |     4 ||    12
  Use: Potion            |       |     2 |     1 ||     3
       Scroll            |       |       |    11 ||    11
 Stab: Sleeping          |       |     2 |       ||     2
       Invisible         |       |     1 |       ||     1
  Eat: Chunk             |     1 |    12 |     8 ||    21
Armor: Skin              |     1 |     2 |     3 ||     6
Dodge: Dodged            |    39 |    64 |    41 ||   144
Block: Other             |       |     9 |    17 ||    26
       Reflection        |       |       |     4 ||     4
